 Dungeon Crawl Stone Soup version 0.20.0-15-g7f486f2 (webtiles) character file.

3688 Hook the Ruffian (level 10, -8/60 HPs)
             Began as a Gargoyle Transmuter on June 20, 2017.
             Was a Believer of Makhleb.
             Mangled by a komodo dragon (21 damage)
             ... on level 1 of the Lair of Beasts.
             The game lasted 00:25:36 (9118 turns).

Hook the Ruffian (Gargoyle Transmuter)              Turns: 9118, Time: 00:25:37

Health: -8/60      AC:  3    Str: 15    XL:     10   Next: 13%
Magic:  17/19      EV: 22    Int: 16    God:    Makhleb [**....]
Gold:   396        SH:  0    Dex: 15    Spells: 15/21 levels left

rFire    . . .     SeeInvis .     - Unarmed
rCold    . . .     Gourm    .   (shield currently unavailable)
rNeg     + . .     Faith    .   (armour currently unavailable)
rPois    ∞         Spirit   .   (helmet currently unavailable)
rElec    .         Reflect  .   (cloak currently unavailable)
rCorr    .         Harm     .   (gloves currently unavailable)
MR       .....                  (boots currently unavailable)
Stlth    ++........             (no amulet)
Regen    0.2/turn               f - +1 ring of protection
MPRegen  0.2/turn               o - +4 ring of slaying

@: spider-form
A: negative energy resistance 1, petrification resistance, rot immunity, AC +7
a: End Transformation, Minor Destruction, Renounce Religion


You were on level 1 of the Lair of Beasts.
You worshipped Makhleb.
Makhleb was pleased with you.
You were not hungry.
You were a venomous arachnid creature.
You visited 2 branches of the dungeon, and saw 9 of its levels.
You also visited: Sewer.

You collected 396 gold pieces.

Inventory:

Missiles
 a - 135 arrows
 d - 8 tomahawks (quivered)
Armour
 b - a +1 robe (melded)
 E - a +0 pair of gloves (melded)
Jewellery
 f - a +1 ring of protection (left front leg)
 o - a +4 ring of slaying (right front leg)
 y - an uncursed ring of poison resistance {unknown}
 D - an uncursed ring of protection from magic {unknown}
Wands
 k - a wand of lightning (9/15)
 z - a wand of disintegration (8/24)
Scrolls
 j - 2 scrolls of enchant armour
 l - a scroll of magic mapping
 n - 3 scrolls of enchant weapon
 r - 5 scrolls of identify
 u - 3 scrolls of remove curse
 v - 3 scrolls of teleportation
 x - 2 scrolls of fog
 A - a scroll of fear
Potions
 e - 4 potions of ambrosia {unknown}
 g - 3 potions of heal wounds {unknown}
 m - a potion of might
 p - 2 potions of haste {unknown}
 q - 3 potions of curing {unknown}
 s - 5 potions of flight {unknown}
 t - a potion of magic {unknown}
 w - 3 potions of brilliance {unknown}
Books
 c - a book of Changes

   Spells                             Type                      Level
   a - Beastly Appendage              Transmutation                1
   b - Sticks to Snakes               Transmutation                2
   c - Spider Form                    Transmutation/Poison         3
   d - Ice Form                       Ice/Transmutation            4
   e - Blade Hands                    Transmutation                5
Comestibles
 h - 3 meat rations
 i - 3 royal jellies
 B - 11 chunks of flesh
 C - 5 bread rations


   Skills:
 * Level 5.7 Fighting
 * Level 4.4 Dodging
 + Level 2.6 Stealth
 + Level 6.8 Unarmed Combat
 * Level 6.4 Spellcasting
 * Level 5.2 Transmutations
 * Level 4.6 Poison Magic


You had 15 spell levels left.
You knew the following spells:

 Your Spells              Type           Power        Failure   Level  Hunger
a - Beastly Appendage     Tmut           ###...       7%          1    None
b - Spider Form           Tmut/Pois      ###.......   16%         3    ##.....
c - Sticks to Snakes      Tmut           ###.....     9%          2    None


Dungeon Overview and Level Annotations

Branches:
Dungeon (8/15)               Lair (1/6) D:8
 Temple: D:4-7

Altars:
Ashenzari
Cheibriados
Makhleb
Nemelex Xobeh
Qazlal
Xom
Zin
The Shining One

Shops:
D:6 [

Annotations:
D:4 Menkaure


Innate Abilities, Weirdness & Mutations

You are resistant to torment.
((Your stone body is resilient. (AC +7)))
You are immune to poison.
You resist negative energy. (rN+)
((You are resistant to electric shocks. (rElec)))
((You can survive without breathing.))
You are immune to petrification.
You are immune to rotting.


Message History

You bite the water moccasin!
You kill the water moccasin!
Makhleb accepts your kill. The komodo dragon closely misses you.
You bite the komodo dragon!
The komodo dragon looks as sick as possible!
The komodo dragon is moderately wounded.
The komodo dragon bites you!!
You bite the komodo dragon!
The komodo dragon looks as sick as possible!
The komodo dragon is heavily wounded.
The komodo dragon bites you!!
* * * LOW HITPOINT WARNING * * *
You are too injured to fight recklessly!
You are too injured to fight recklessly!
You hit the komodo dragon.
The komodo dragon looks as sick as possible!
The komodo dragon is severely wounded.
The komodo dragon bites you!!
You die...

### .P######## #.
.)...#.... ....
......... ..#.##
.......[. ......
##......#
......###.......#
.......#.s<....#
........l##....#
.#.....P# ####.#
.......†.#
..........#
...###.#.... ..
#.....## .
##..... ......


You could see a komodo dragon.

Vanquished Creatures
  2 komodo dragons (D:8)
  A hippogriff (D:8)
  A spriggan (D:8)
  2 wyverns (D:8)
  A water moccasin (Lair:1)
  3 orc warriors
  2 phantoms (D:8)
  An eye of draining (D:8)
  A swamp drake (D:8)
  An ogre (D:8)
  A necrophage (D:8)
  3 centaurs
  2 big kobolds
  5 bullfrogs
  A wyvern skeleton (D:8)
  A scorpion (D:8)
  A howler monkey (D:8)
  6 crimson imps
  2 bullfrog zombies
  2 jellies
  A hound (D:6)
  A centaur skeleton (D:5)
  3 iguanas
  An orc wizard (D:8)
  4 worker ants
  A mummy (D:6)
  7 adders
  3 river rats (Sewer)
  4 shadow imps
  An adder skeleton (D:7)
  4 dart slugs
  7 leopard geckos
  15 orcs
  4 giant cockroaches
  9 goblins
  8 hobgoblins
  8 jackals
  19 kobolds
  3 quokkas
  4 ball pythons
  A ball python skeleton (D:4)
  9 bats
  7 frilled lizards
  8 rats
171 creatures vanquished.

Vanquished Creatures (others)
  2 orc warriors (D:6)
  A bullfrog (D:6)
  A bullfrog skeleton (D:6)
4 creatures vanquished.

Grand Total: 175 creatures vanquished

Notes
Turn   | Place    | Note
-------+----------+-------------------------------------------
     0 | D:1      | Hook the Gargoyle Transmuter began the quest for the Orb.
     0 | D:1      | Reached XP level 1. HP: 12/12 MP: 3/3
   222 | D:1      | Reached XP level 2. HP: 2/16 MP: 1/5
   718 | D:1      | Reached XP level 3. HP: 13/20 MP: 6/6
  1787 | D:2      | Reached XP level 4. HP: 18/26 MP: 5/7
  2277 | D:2      | Learned a level 3 spell: Spider Form
  2530 | D:3      | Found a shattered altar of Ashenzari.
  3159 | D:3      | Reached XP level 5. HP: 24/30 MP: 7/9
  3456 | D:4      | Found a glowing drain.
  3494 | Sewer    | Entered a sewer
  4002 | Sewer    | Noticed a big kobold
  4057 | Sewer    | Killed a big kobold
  4057 | Sewer    | Reached XP level 6. HP: 27/36 MP: 8/10
  4180 | Sewer    | Found a glowing silver altar of Zin.
  4843 | D:4      | Found a burning altar of Makhleb.
  4845 | D:4      | Found a glowing silver altar of Zin.
  4845 | D:4      | Noticed an angel
  4846 | D:4      | Noticed a green death
  4848 | D:4      | Became a worshipper of Makhleb the Destroyer
  5132 | D:4      | Noticed Menkaure
  5142 | D:5      | Entered Level 5 of the Dungeon
  5645 | D:5      | Reached XP level 7. HP: 38/41 MP: 10/12
  5769 | D:5      | Found a glowing golden altar of the Shining One.
  6272 | D:6      | Reached skill level 1 in Stealth
  6272 | D:6      | Reached skill level 1 in Poison Magic
  6297 | D:6      | Learned a level 2 spell: Sticks to Snakes
  6368 | D:6      | Reached * piety under Makhleb
  6430 | D:6      | Found a shimmering altar of Xom.
  6507 | D:6      | Reached XP level 8. HP: 26/48 MP: 12/14
  6693 | D:6      | Found a sparkling altar of Nemelex Xobeh.
  6730 | D:6      | Reached skill level 5 in Unarmed Combat
  6818 | D:6      | Found Eckenitz's Armour Shoppe.
  7706 | D:8      | Found a stormy altar of Qazlal.
  7728 | D:8      | Noticed a hippogriff
  7795 | D:8      | Killed a hippogriff
  7795 | D:8      | Reached skill level 5 in Spellcasting
  7797 | D:8      | Reached XP level 9. HP: 34/52 MP: 12/16
  8089 | D:8      | Reached skill level 5 in Fighting
  8111 | D:8      | Noticed a komodo dragon
  8150 | D:8      | Killed a komodo dragon
  8284 | D:8      | Reached ** piety under Makhleb
  8362 | D:8      | Found a snail-covered altar of Cheibriados.
  8750 | D:8      | Noticed a komodo dragon
  8772 | D:8      | Killed a komodo dragon
  8819 | D:8      | Reached skill level 5 in Transmutations
  8963 | D:8      | Reached XP level 10. HP: 46/60 MP: 10/19
  9101 | D:8      | Found a staircase to the Lair.
  9106 | Lair:1   | Entered Level 1 of the Lair of Beasts
  9118 | Lair:1   | Mangled by a komodo dragon

Skill      XL: |  1  2  3  4  5  6  7  8  9 |
---------------+----------------------------+-----
Transmutations | 2 3 4 5 |  5.2
Dodging        | 2 3 4 |  4.4
Fighting       | 2 3 4 5 |  5.7
Spellcasting   | 3 4 5 6 |  6.4
Unarmed Combat | 4 5 6 |  6.8
Stealth        | 1 2 |  2.6
Poison Magic   | 1 2 4 |  4.6

Action                   |  1- 3 |  4- 6 |  7- 9 | 10-12 || total
-------------------------+-------+-------+-------+-------++-------
Melee: Unarmed           |   130 |   290 |   272 |    14 ||   706
       Kick              |    10 |    14 |     7 |       ||    31
       Punch             |     3 |     5 |     2 |       ||    10
       Headbutt          |     1 |    13 |    12 |       ||    26
 Cast: Beastly Appendage |    20 |    43 |    19 |       ||    82
       Spider Form       |       |     1 |    26 |     2 ||    29
       Sticks to Snakes  |       |       |    13 |       ||    13
  Use: Scroll            |     2 |     6 |     2 |       ||    10
 Stab: Sleeping          |       |     2 |       |       ||     2
  Eat: Bread ration      |     1 |     3 |       |       ||     4
       Chunk             |     1 |     1 |     7 |       ||     9
       Royal jelly       |       |       |     2 |       ||     2
Armor: Robe              |    40 |    92 |    25 |       ||   157
       Skin              |       |       |     7 |       ||     7
Dodge: Dodged            |    96 |   194 |   175 |     8 ||   473
